 Dungeon Crawl Stone Soup version 0.22.0-49-gab54619674 (webtiles) character file.

246 JedernureinKreuz the Conjurer (level 6, 0/44 HPs)
             Began as a Gnoll Conjurer on Sept 8, 2018.
             Killed by divine providence
             ... invoked by an orc priest
              (9 damage)
             ... on level 3 of the Dungeon.
             The game lasted 00:11:46 (2775 turns).

JedernureinKreuz the Conjurer (Gnoll Conjurer)      Turns: 2775, Time: 00:11:47

Health: 0/44       AC:  3    Str: 11    XL:     6   Next: 11%
Magic:  0/13       EV: 14    Int: 19    God:
Gold:   182        SH:  0    Dex: 15    Spells: 7/15 levels left

rFire    . . .     SeeInvis .   b - +0 dagger
rCold    . . .     Gourm    .   (no shield)
rNeg     . . .     Faith    .   r - +0 leather armour
rPois    .         Spirit   .   (no helmet)
rElec    .         Reflect  .   (no cloak)
rCorr    .         Harm     .   (no gloves)
MR       .....                  (no boots)
Stlth    +++.......             (no amulet)
HPRegen  0.14/turn              (no ring)
MPRegen  0.13/turn              (no ring)

@: no status effects
A: distributed training, fangs 1, strong nose
a: no special abilities


You were on level 3 of the Dungeon.
You were hungry.

You visited 1 branch of the dungeon, and saw 3 of its levels.

You collected 182 gold pieces.

Inventory:

Hand Weapons
 b - a +0 dagger (weapon)
 j - a +0 spear
 o - a +0 short sword
Missiles
 d - 144 arrows
 f - 18 poisoned needles
 i - 119 stones (quivered)
 w - 17 bolts
Armour
 a - a +0 robe
 r - a +0 leather armour (worn)
Wands
 t - a wand of scattershot (6)
 v - a wand of acid (9)
Scrolls
 h - 5 scrolls of identify {unknown}
 k - 2 scrolls of fear {unknown}
 l - a scroll of fog {unknown}
 m - a scroll of amnesia {unknown}
 n - a scroll of teleportation {unknown}
 p - 6 scrolls of remove curse {unknown}
 q - a scroll of blinking {unknown}
 s - a scroll of immolation {unknown}
 u - a scroll of enchant armour {unknown}
Potions
 e - a potion of curing {unknown}
 g - a potion of berserk rage {unknown}
Comestibles
 c - 6 rations


   Skills:
 + Level 1.7 Fighting
 + Level 1.7 Short Blades
 + Level 1.7 Long Blades
 + Level 1.7 Axes
 + Level 1.7 Maces & Flails
 + Level 1.7 Polearms
 + Level 1.7 Staves
 + Level 1.7 Slings
 + Level 1.7 Bows
 + Level 1.7 Crossbows
 + Level 1.7 Throwing
 + Level 1.7 Armour
 + Level 4.9 Dodging
 + Level 4.5 Stealth
 + Level 1.7 Shields
 + Level 1.7 Unarmed Combat
 + Level 5.3 Spellcasting
 + Level 7.2 Conjurations
 + Level 1.3 Hexes
 + Level 1.3 Charms
 + Level 1.3 Summonings
 + Level 1.3 Necromancy
 + Level 1.3 Translocations
 + Level 1.3 Transmutations
 + Level 1.3 Fire Magic
 + Level 1.3 Ice Magic
 + Level 1.3 Air Magic
 + Level 1.3 Earth Magic
 + Level 1.3 Poison Magic
 + Level 2.0 Invocations
 + Level 1.7 Evocations


You had 7 spell levels left.
You knew the following spells:

 Your Spells              Type           Power        Failure   Level  Hunger
a - Magic Dart            Conj           ####         1%          1    None
b - Confuse               Hex            ##......     26%         3    ##.....
c - Iskenderun's Mystic   Conj           ####....     8%          4    ####...

Your spell library contained the following spells:

 Spells                   Type           Power        Failure   Level  Hunger
 Searing Ray              Conj           ####..       1%          2    None
 Corona                   Hex            ##.....      9%          1    None
 Dazzling Spray           Conj/Hex       ###...       9%          3    ##.....
 Ensorcelled Hibernation  Hex/Ice        ##....       14%         2    None
 Tukima's Dance           Hex            ##......     26%         3    ##.....
 Force Lance              Conj/Tloc      ###.....     26%         4    ####...
 Fulminant Prism          Conj/Hex       ###.......   26%         4    ####...


Dungeon Overview and Level Annotations

Branches:
Dungeon (3/15)

Altars:
Elyvilon


Innate Abilities, Weirdness & Mutations

Your experience applies equally to all skills.
You have very sharp teeth.
Your uncanny sense of smell can sniff out nearby items.


Message History

Confirm with . or Enter, or press ? or * to list all spells.
You don't know that spell.
Casting: Magic Dart (safe; 1% risk of failure)
Confirm with . or Enter, or press ? or * to list all spells.
Aiming: Magic Dart (safe; 1% risk of failure)
Press: ? - help, Shift-Dir - straight line, f/p - orc priest
Aim: an orc priest, wielding a war axe and wearing a scale mail (moderately The magic dart hits the orc priest.
The orc priest is moderately wounded.
The orc priest looks satisfied for a moment.
Casting: Magic Dart (safe; 1% risk of failure)
Confirm with . or Enter, or press ? or * to list all spells.
Aiming: Magic Dart (safe; 1% risk of failure)
Press: ? - help, Shift-Dir - straight line, f/p - orc priest
Aim: an orc priest, wielding a war axe and wearing a scale mail (lightly The magic dart hits the orc priest.
The orc priest is lightly wounded.
The orc priest invokes the aid of Beogh against you.
Beogh smites you!
You die...

#####.#.#
......#.#
#######.#
........#
##################
.................#
################.#
#.# #@# #.# #.#.#
#.#.#
#.#o#############
#.#....o.........
#.#######.######
#)# #.# #)# #o#


You could see an orc priest.

Vanquished Creatures
  An orc priest (D:3)
  Terence (D:2)
  Natasha (twice) (D:2)
  An orc wizard (D:3)
  Robin (D:2)
  4 adders
  3 worms
  3 dart slugs (D:1)
  2 leopard geckos
  3 orcs (D:3)
  4 bats
  A giant cockroach (D:2)
  11 goblins
  7 hobgoblins
  7 kobolds
  5 rats
56 creatures vanquished.

Vanquished Creatures (others)
  An adder (D:2)
1 creature vanquished.

Grand Total: 57 creatures vanquished

Notes
Turn   | Place    | Note
-------+----------+-------------------------------------------
     0 | D:1      | JedernureinKreuz the Gnoll Conjurer began the quest for the
                  | Orb.
     0 | D:1      | Reached XP level 1. HP: 13/13 MP: 6/6
   239 | D:1      | Reached XP level 2. HP: 11/19 MP: 0/7
   529 | D:1      | Reached XP level 3. HP: 25/25 MP: 5/9
  1041 | D:2      | Noticed Natasha
  1047 | D:2      | Killed Natasha
  1047 | D:2      | Reached skill level 5 in Spellcasting
  1047 | D:2      | Reached skill level 1 in Invocations
  1153 | D:2      | Reached skill level 1 in Fighting
  1153 | D:2      | Reached skill level 1 in Short Blades
  1153 | D:2      | Reached skill level 1 in Long Blades
  1153 | D:2      | Reached skill level 1 in Axes
  1153 | D:2      | Reached skill level 1 in Maces & Flails
  1153 | D:2      | Reached skill level 1 in Polearms
  1153 | D:2      | Reached skill level 1 in Staves
  1153 | D:2      | Reached skill level 1 in Slings
  1153 | D:2      | Reached skill level 1 in Bows
  1153 | D:2      | Reached skill level 1 in Crossbows
  1153 | D:2      | Reached skill level 1 in Throwing
  1153 | D:2      | Reached skill level 1 in Armour
  1153 | D:2      | Reached skill level 1 in Shields
  1153 | D:2      | Reached skill level 1 in Unarmed Combat
  1153 | D:2      | Reached skill level 1 in Evocations
  1242 | D:2      | Noticed Terence
  1254 | D:2      | Killed Terence
  1254 | D:2      | Reached XP level 4. HP: 16/32 MP: 1/11
  1283 | D:2      | Noticed Robin
  1405 | D:2      | Killed Robin
  1405 | D:2      | Reached skill level 1 in Hexes
  1405 | D:2      | Reached skill level 1 in Charms
  1405 | D:2      | Reached skill level 1 in Summonings
  1405 | D:2      | Reached skill level 1 in Necromancy
  1405 | D:2      | Reached skill level 1 in Translocations
  1405 | D:2      | Reached skill level 1 in Transmutations
  1405 | D:2      | Reached skill level 1 in Fire Magic
  1405 | D:2      | Reached skill level 1 in Ice Magic
  1405 | D:2      | Reached skill level 1 in Air Magic
  1405 | D:2      | Reached skill level 1 in Earth Magic
  1405 | D:2      | Reached skill level 1 in Poison Magic
  1670 | D:2      | Found a white marble altar of Elyvilon.
  1676 | D:2      | Noticed Natasha
  1684 | D:2      | Killed Natasha
  1684 | D:2      | Reached XP level 5. HP: 32/37 MP: 3/12
  2085 | D:3      | Learned a level 3 spell: Confuse
  2106 | D:3      | Learned a level 4 spell: Iskenderun's Mystic Blast
  2726 | D:3      | Reached XP level 6. HP: 44/44 MP: 3/13
  2775 | D:3      | Killed from afar by an orc priest

Skill      XL: |  1  2  3  4  5 |
---------------+----------------+-----
Spellcasting   | 5 |  5.3
Invocations    | 1 2 |  2.0
Fighting       | 1 |  1.7
Short Blades   | 1 |  1.7
Long Blades    | 1 |  1.7
Axes           | 1 |  1.7
Maces & Flails | 1 |  1.7
Polearms       | 1 |  1.7
Staves         | 1 |  1.7
Slings         | 1 |  1.7
Bows           | 1 |  1.7
Crossbows      | 1 |  1.7
Throwing       | 1 |  1.7
Armour         | 1 |  1.7
Shields        | 1 |  1.7
Unarmed Combat | 1 |  1.7
Evocations     | 1 |  1.7
Hexes          | 1 |  1.3
Charms         | 1 |  1.3
Summonings     | 1 |  1.3
Necromancy     | 1 |  1.3
Translocations | 1 |  1.3
Transmutations | 1 |  1.3
Fire Magic     | 1 |  1.3
Ice Magic      | 1 |  1.3
Air Magic      | 1 |  1.3
Earth Magic    | 1 |  1.3
Poison Magic   | 1 |  1.3
Dodging        | |  4.9
Stealth        | |  4.5
Conjurations   | |  7.2

Action                   |  1- 3 |  4- 6 || total
-------------------------+-------+-------++-------
Melee: Dagger            |    10 |    29 ||    39
       Bite              |       |     3 ||     3
 Cast: Magic Dart        |    48 |    73 ||   121
       Iskenderun's Myst |       |     1 ||     1
 Stab: Sleeping          |     3 |       ||     3
  Eat: Chunk             |     1 |     4 ||     5
Armor: Robe              |       |     3 ||     3
Dodge: Dodged            |     9 |    27 ||    36
